 Dungeon Crawl Stone Soup version 0.32-a0-391-gce5c0aab1b (webtiles) character file.

Game seed: 4536631848922758594

5 Bravepunisher the Changeling (level 1, -2/10 HPs)
             Began as a Spriggan Shapeshifter on Feb 19, 2024.
             Slain by an orc priest
             ... wielding a +0 mace
              (4 damage)
             ... on level 5 of the Dungeon.
             The game lasted 00:01:14 (116 turns).

Bravepunisher the Changeling (Spriggan Shapeshifter) Turns: 116, Time: 00:01:15

Health: -2/10      AC:  2    Str: 10    XL:     1   Next: 66%
Magic:  2/2        EV: 17    Int: 11    God:
Gold:   16         SH:  0    Dex: 14    Spells: 0/0 levels left

rFire   . .          .
                       - Unarmed
rCold   . . .        (no shield)
rNeg    . . .        a - +0 animal skin
rPois   .            (helmet currently unavailable)
rElec   .            (cloak currently unavailable)
rCorr   .            (gloves unavailable)
SInv    +            (boots unavailable)
Will    .....        (no amulet)
Stlth   +            (no ring)
HPRegen 0.21/turn    (no ring)
MPRegen 0.08/turn

%: no passive effects
@: beast-form, very quick
A: beast (slay +2), very small, no large weapons, unfitting armour, see
invisible, speed 3
a: Begin Untransformation, Convert to Beogh


You were on level 5 of the Dungeon.
You were a hulking beast.
You visited 1 branch of the dungeon, and saw 5 of its levels.

You collected 16 gold pieces.

Inventory:

Armour
 a - a +0 animal skin (worn)
Talismans
 c - a beast talisman (active)
 d - a flux talisman
Scrolls
 e - a scroll of amnesia {unknown}
 f - a scroll of immolation {unknown}
Potions
 b - a potion of lignification


   Skills:
 * Level 1.0 Fighting
 + Level 2.8 Dodging
 * Level 2.5 Unarmed Combat
 + Level 4.0 Shapeshifting


You couldn't memorise any spells.
You didn't know any spells.
Your spell library was empty.

Dungeon Overview and Level Annotations

Branches:
Dungeon (5/15)
 Temple: D:4-7

Altars:
Okawaru
Uskayaw

Shops:
D:1 *


Innate Abilities, Weirdness & Mutations

You are a hulking beast.
Your limbs bulge with bestial killing power. (Slay +2)
You are very small and have problems with some larger weapons.
You are too small for most types of armour.
You have supernaturally acute eyesight. (SInv)
You cover ground extremely quickly. (Speed+++)


Message History

You climb downwards.
You hear the sound of rushing water.
There is an entrance to a sewer on this level.
Hurry and find it before the portal rusts away!
Found three items.
Found a stone staircase leading down.
There is a stone staircase leading up here.
g - a viscous amethyst potion You open the door.
Found a ring mail.
Found a hide-covered altar of Uskayaw.
There is a stone staircase leading down here.
You climb downwards.
Found an escape hatch in the ceiling and an escape hatch in the floor.
Found a stone staircase leading down.
There is a stone staircase leading up here.
There is an escape hatch in the floor here.
There is a stone staircase leading down here.
You climb downwards.
There is a stone staircase leading up here.
Found an iron altar of Okawaru.
An orc priest and an orc come into view.
You start waiting.
An orc priest is nearby!
The orc priest barely misses you.
You hit the orc priest.
The orc priest is lightly wounded.
It was a potion of curing.
You feel better. The orc priest barely misses you.
You hit the orc priest.
The orc priest is heavily wounded.
The orc priest barely misses you.
You hit the orc priest but do no damage.
The orc priest is heavily wounded.
The orc priest hits you with a +0 mace!
Ouch! That really hurt!
* * * LOW HITPOINT WARNING * * *
The orc priest shouts, "The Pantheon deserves no one's loyalty.
Let us show you the true path!" (press Y on the ability menu to convert to Beogh)
You hit the orc priest.
The orc priest is severely wounded.
The orc priest shouts, "Surrender to Beogh and we'll let you live!"
The orc priest hits you with a +0 mace.
You die...

....≈. ._.o≈.
...o≈. #####
≈≈≈.≈.##...#
..!$...#.#.###
≈≈≈≈≈..#<#.h.#
.......#####o#
.............#
##############


You could see an orc priest.

Vanquished Creatures
  2 hobgoblins (D:1)
  A bat (D:2)
3 creatures vanquished.

Notes
Turn   | Place    | Note
-------+----------+-------------------------------------------
     0 | D:1      | Bravepunisher the Spriggan Shapeshifter began the quest for
                  | the Orb.
     0 | D:1      | Reached XP level 1. HP: 9/9 MP: 2/2
    18 | D:1      | Found Weusmer's Assorted Antiques.
    28 | D:1      | Reached skill level 1 in Fighting
    68 | D:3      | Found a hide-covered altar of Uskayaw.
    79 | D:5      | Entered Level 5 of the Dungeon
    91 | D:5      | Found an iron altar of Okawaru.
    92 | D:5      | Noticed an orc priest
   116 | D:5      | Slain by an orc priest

Illustrated notes

Levels and vault maps discovered:
D:1:      wander_arrival_peaceful_grave, layout_rooms, serial_shops, shop
D:2:      minmay_roachtagon, layout_loops_ring
D:3:      layout_loops_ring, mainiacjoe_overflow_brackets,
          worldfamousw_hep_ancestral_shrine, nicolae_qazlal_scattered_showers,
          mainiacjoe_overflow_six_doors_small, elyvilon_altar_3,
          gup_sewer_entry_pipe, serial_shops, shop, uniq_terence
D:4:      layout_rooms, mainiacjoe_overflow_alcove_1,
          minmay_temple_entry_junction_2, uniq_robin
D:5:      layout_basic, lemuel_crystal_altar, mainiacjoe_overflow_cross_hatched,
          serial_shops, shop, nicolae_shop_real_fake_doors, shop_coins, shop,
          nicolae_shop_hallway_plus, grunt_ministairs_1, st_stairs_1

Skill      XL: |  1 |
---------------+----+-----
Fighting       | 1 |  1.0
Dodging        | |  2.8
Unarmed Combat | |  2.5
Shapeshifting  | |  4.0

Action                     || total
---------------------------++-------
  Melee: Unarmed           ||    12
    Use: Potion            ||     1
 Armour: Animal skin       ||     4
  Dodge: Dodged            ||     9

Table legend: (Time is in decaauts)
 A = Elapsed time spent in this place.
 B = Non-inter-level travel time spent in this place.
 C = Inter-level travel time spent in this place.
 D = Time resting spent in this place.
 E = Time spent auto-exploring this place.
 F = Levels seen in this place.
 G = Mean time per level.
                   A        B        C        D        E       F      G
               +--------+--------+--------+--------+--------+-----+--------+
         Total |     80 |     80 |      0 |      7 |     14 |   5 |   16.0 |
       Dungeon |     80 |     80 |      0 |      7 |     14 |   5 |   16.0 |
               +--------+--------+--------+--------+--------+-----+--------+

Top non-repeatable levels by time:
     D:1: 27 daAuts
     D:5: 26 daAuts
     D:2: 14 daAuts
     D:3: 6 daAuts
     D:4: 5 daAuts
